 Dungeon Crawl Stone Soup version 0.27-a0-1182-gee19b5822f (webtiles) character file.

Game seed: 13346128871747056394

140 Ijustatesigmund the Chopper (level 5, -3/47 HPs)
             Began as a Hill Orc Fighter on May 18, 2021.
             Slain by Grinder (9 damage)
             ... on level 3 of the Dungeon.
             The game lasted 00:02:02 (1380 turns).

Ijustatesigmund the Chopper (Hill Orc Fighter)      Turns: 1380, Time: 00:02:02

Health: -3/47      AC:  4    Str: 19      XL:     5   Next: 23%
Magic:  5/5        EV:  7    Int:  7 (8)  God:
Gold:   90         SH:  9    Dex: 11      Spells: 4/4 levels left

rFire    . . .     SeeInvis .   a - +0 war axe
rCold    . . .     Faith    .   c - +0 kite shield
rNeg     . . .     Spirit   .   b - +0 scale mail
rPois    .         Reflect  .   d - +1 hat
rElec    .         Harm     .   (no cloak)
rCorr    .         Rampage  .   (no gloves)
Will     .....                  (no boots)
Stlth    ..........             (no amulet)
HPRegen  0.15/turn              (no ring)
MPRegen  0.09/turn              (no ring)

@: no status effects
A: hooves 1, deformed body, deterioration 1
a: no special abilities


You were on level 3 of the Dungeon.
You visited 1 branch of the dungeon, and saw 3 of its levels.

You collected 90 gold pieces.

Inventory:

Hand Weapons
 a - a +0 war axe (weapon)
Armour
 b - a +0 scale mail (worn)
 c - a +0 kite shield (worn)
 d - a +1 hat (worn)
Scrolls
 e - 2 scrolls of identify
 f - a scroll of brand weapon
 h - a scroll of teleportation {unknown}


   Skills:
 + Level 4.9 Fighting
 + Level 5.8 Axes
 + Level 3.3 Armour
 + Level 3.3 Shields


You had 4 spell levels left.
You didn't know any spells.
Your spell library contained the following spells:

 Spells                   Type           Power      Damage    Failure   Level
 Animate Skeleton         Necr           0%         N/A       99%         1
 Pain                     Necr           0%         1d4       99%         1
 Vampiric Draining        Necr           0%         2d6       100%        3
 Animate Dead             Necr           0%         N/A       100%        4
 Agony                    Necr           0%         N/A       100%        5


Dungeon Overview and Level Annotations

Branches:
Dungeon (3/15)

Altars:

Annotations:
D:3 Grinder, Natasha


Innate Abilities, Weirdness & Mutations

You have large cloven feet.
Armour fits poorly on your strangely shaped body.
Your body sometimes deteriorates upon taking damage.


Message History

a +0 robe; a hobgoblin corpse You now have 90 gold pieces (gained 5).
Grinder comes into view.
Grinder shouts!
Grinder gestures at you. Pain shoots through your body!
Okay, then.
Grinder says, "I used to sell toenails on the black market."
A dart slug comes into view.
Natasha, Servant of Life and Death comes into view.
Natasha hisses angrily.
You hit Grinder but do no damage.
Grinder blinks!
Natasha casts a spell at you. The magic dart hits you. Grinder gestures at you.
Pain shoots through your body!
You closely miss Grinder. You hit Natasha. Natasha claws you.
Grinder closely misses you.
You closely miss Grinder. You slash Natasha!
A ball python comes into view.
Natasha claws you but does no damage.
Grinder blinks!
Natasha claws you.
Grinder blinks!
It was a potion of mutation.
You feel extremely strange.
You feel yourself wasting away.
Your body twists and deforms.
Your feet thicken and deform.
The ball python hisses angrily.
Natasha wildly gestures.
Natasha shimmers violently.
Natasha claws you. Grinder gestures at you. Pain shoots through your body!
* * * LOW HITPOINT WARNING * * *
Your body deteriorates!
You feel dopey.
As you read the scroll labelled QUIMMU EHYSKO, it crumbles to dust.
It is a scroll of identify.
f - a scroll of brand weapon Natasha claws you.
* * * LOW HITPOINT WARNING * * *
Grinder hits you!
You die...

.......... ........
....... ..... .... #S.
#w# #h# # ######## #@##
.# ##......###5.# .##
##........###.# ##.... #
#..........##.##..... ..
#..........##....# ...
#..........#...### ..##
#..........#.#...##.....
#<.........#............
##........######[##...#.


You could see Grinder, Natasha, a dart slug and a ball python.

Vanquished Creatures
  A black bear (D:2)
  A worm (D:2)
  A dart slug (D:2)
  5 ball pythons
  2 bats (D:1)
  3 endoplasms
  A giant cockroach (D:1)
  A goblin (D:2)
  6 hobgoblins
  8 jackals (D:1)
  3 kobolds
  2 quokkas (D:1)
  4 frilled lizards
  2 rats (D:1)
40 creatures vanquished.

Notes
Turn   | Place    | Note
-------+----------+-------------------------------------------
     0 | D:1      | Ijustatesigmund the Hill Orc Fighter began the quest for
                  | the Orb.
     0 | D:1      | Reached XP level 1. HP: 19/19 MP: 1/1
    36 | D:1      | Reached skill level 3 in Axes
    44 | D:1      | Reached XP level 2. HP: 20/27 MP: 2/2
   392 | D:1      | Reached skill level 4 in Axes
   446 | D:1      | Reached XP level 3. HP: 33/33 MP: 3/3
   909 | D:2      | Noticed a black bear
   914 | D:2      | Killed a black bear
   915 | D:2      | Reached skill level 5 in Axes
   915 | D:2      | Reached XP level 4. HP: 39/41 MP: 4/4
   915 | D:2      | Reached XP level 5. HP: 45/47 MP: 5/5
  1159 | D:2      | Found a faded altar of an unknown god.
  1372 | D:3      | Noticed Grinder
  1374 | D:3      | Noticed Natasha
  1379 | D:3      | Gained mutation: Your body sometimes deteriorates upon
                  | taking damage. [potion of mutation]
  1379 | D:3      | Gained mutation: Armour fits poorly on your strangely
                  | shaped body. [potion of mutation]
  1379 | D:3      | Gained mutation: You have large cloven feet. [potion of
                  | mutation]
  1380 | D:3      | Slain by Grinder

Illustrated notes

Levels and vault maps discovered:
D:1:      dpeg_arrival_water_temple_mockup, layout_rooms, serial_glass,
          glass_columns_b, glass_columns_a, minmay_indecisive_spiral
D:2:      layout_basic, shapermc_ecumenical_altar_mp_highgroup, uniq_robin
D:3:      layout_rooms, serial_shops,
          nicolae_shop_temple_entry_statues_fountains, uniq_grinder,
          uniq_natasha, uniq_crazy_yiuf_cottage

Skill      XL: |  1  2  3 |
---------------+----------+-----
Axes           | 3 4 5 |  5.8
Fighting       | 4 |  4.9
Armour         | |  3.3
Shields        | |  3.3

Action                   |  1- 3 |  4- 6 || total
-------------------------+-------+-------++-------
Melee: War axe           |    84 |    27 ||   111
  Use: Potion            |     1 |     1 ||     2
       Scroll            |       |     1 ||     1
Armor: Scale mail        |    56 |    10 ||    66
Dodge: Dodged            |    34 |     4 ||    38
Block: Kite shield       |    54 |    11 ||    65

Table legend: (Time is in decaauts)
 A = Elapsed time spent in this place.
 B = Non-inter-level travel time spent in this place.
 C = Inter-level travel time spent in this place.
 D = Time resting spent in this place.
 E = Time spent auto-exploring this place.
 F = Levels seen in this place.
 G = Mean time per level.
                   A        B        C        D        E       F      G
               +--------+--------+--------+--------+--------+-----+--------+
         Total |   1436 |   1401 |     35 |      0 |   1121 |   3 |  478.7 |
       Dungeon |   1436 |   1401 |     35 |      0 |   1121 |   3 |  478.7 |
               +--------+--------+--------+--------+--------+-----+--------+

Top non-repeatable levels by time:
     D:1: 953 daAuts
     D:2: 444 daAuts
     D:3: 38 daAuts
